 Dungeon Crawl Stone Soup version 0.16.0-11-gd45b091 (webtiles) character file.

217 stefzke33 the Skirmisher (level 5, 0/42 HPs)
             Began as a Demonspawn Chaos Knight on Mar 17, 2015.
             Succumbed to an orc wizard's poison
             ... on level 4 of the Dungeon.
             The game lasted 00:16:45 (2452 turns).

stefzke33 the Skirmisher (Demonspawn Chaos Knight)  Turns: 2452, Time: 00:16:45

Health: 0/42       AC:  7    Str: 13    XL:     5   Next: 61%
Magic:  5/5        EV: 10    Int: 13    God:    Xom [...*..]
Gold:   76         SH:  0    Dex: 13    Spells: 0 memorised, 4 levels left

rFire  . . .     SeeInvis .     a - +0 mace (chaos)
rCold  . . .     Clarity  .     u - +0 scale mail
rNeg   . . .     SustAb   .     (no shield)
rPois  .         Gourm    .     (no helmet)
rElec  .         Spirit   .     (no cloak)
rCorr  .         Warding  .     (no gloves)
rMut   .         Stasis   .     (no boots)
MR     .....                    (no amulet)
Stlth  +.........               (no ring)
                                q - ring of stealth

@: lethally poisoned (0 -> -28), flying, slowed, very slow, not resistant to
hostile enchantments, very unstealthy
A: icy blue scales 1, rot immunity
a: Renounce Religion


You were on level 4 of the Dungeon.
You worshipped Xom.
You were a favourite toy of Xom.
You were not hungry.

You visited 1 branch of the dungeon, and saw 5 of its levels.

You collected 76 gold pieces.

Inventory:

Hand weapons
 a - a +0 mace of chaos (weapon)
 o - a +0 hunting sling
Armour
 b - a +2 leather armour
 j - a +0 ring mail
 u - a +0 scale mail (worn)
Jewellery
 q - a ring of stealth (left hand)
Magical devices
 m - a wand of hasting (3)
 s - a wand of frost (32)
Scrolls
 g - a scroll of remove curse {unknown}
 h - 3 scrolls of magic mapping {unknown}
 i - a scroll of immolation {unknown}
 l - a scroll of amnesia {unknown}
 r - a scroll of fear {unknown}
 w - a scroll of identify {unknown}
Potions
 n - a potion of cancellation {unknown}
 t - a potion of heal wounds {unknown}
Comestibles
 c - a bread ration
 d - 2 slices of pizza
 p - a meat ration
 v - a chunk of flesh


   Skills:
 + Level 4.1 Fighting
 + Level 3.6 Maces & Flails
 + Level 3.1 Armour
 + Level 2.4 Dodging
 + Level 0.4 Stealth


You had 4 spell levels left.
You didn't know any spells.

Dungeon Overview and Level Annotations

Branches:
Dungeon (5/15)
 Temple: D:4-7

Altars:
Elyvilon
Kikubaaqudgha
Okawaru


Innate Abilities, Weirdness & Mutations

You are partially covered in icy blue scales (AC +1).
You are immune to rotting.


Message History

The orc barely misses you.
The orc wizard hits you with a dagger of venom.
* * * LOW HITPOINT WARNING * * *
You are more poisoned.
The orc wizard hits you but does no damage. x2
You are more poisoned.
The orc hits you but does no damage.
* * * LOW HITPOINT WARNING * * *
You feel sick.
The orc wizard gestures at you while chanting.
You feel as though you will be slow longer.
The orc wizard closely misses you. The orc wizard casts a spell at you.
You resist with some effort. The orc hits you but does no damage.
The orc wizard barely misses you.
There is a stone staircase leading down here.
Things that are here:
a short sword; an orc corpse You die...
Xom roars with laughter!

∆ # #. ####
####># ... ∆
.......##.###
#####....o..#
#......o@o..#
#.###...........#
#.#..>...##.
#.#......# #
###.##.# ∆ ∆ o#
..# .# . .# .


You could see 3 orc wizards and an orc.

Vanquished Creatures
  The ghost of rjames93 the Conjurer, an average DrCj (D:3)
  Jessica (D:2)
  Robin (D:2)
  4 adders
  A worm (D:2)
  A giant gecko (D:2)
  An ooze (D:1)
  An orc (D:4)
  9 goblins
  6 hobgoblins
  6 jackals
  A quokka (D:5)
  2 ball pythons (D:2)
  5 bats
  A giant cockroach (D:3)
  4 giant newts
  8 kobolds
  13 rats
66 creatures vanquished.

Vanquished Creatures (collateral kills)
  A goblin (D:2)
1 creature vanquished.

Vanquished Creatures (others)
  Ijyb (D:2)
  A quokka (D:2)
  A human zombie (D:2)
3 creatures vanquished.

Grand Total: 70 creatures vanquished

Notes
Turn   | Place    | Note
--------------------------------------------------------------
     0 | D:1      | stefzke33, the Demonspawn Chaos Knight, began the quest for the Orb.
     0 | D:1      | Reached XP level 1. HP: 18/18 MP: 1/1
   146 | D:1      | XOM: divination: magic mapping
   176 | D:1      | Reached skill level 1 in Dodging
   211 | D:1      | Gained mutation: You are partially covered in icy blue scales (AC +1). [demonic ancestry]
   211 | D:1      | Reached XP level 2. HP: 24/24 MP: 2/2
   873 | D:2      | Reached XP level 3. HP: 27/29 MP: 3/3
   921 | D:2      | Found a white marble altar of Elyvilon.
  1143 | D:2      | Found an iron altar of Okawaru.
  1146 | D:2      | Noticed Jessica
  1156 | D:2      | Killed Jessica
  1156 | D:2      | Reached XP level 4. HP: 32/37 MP: 4/4
  1176 | D:2      | Noticed Ijyb
  1178 | D:2      | Noticed Robin
  1183 | D:2      | Killed Ijyb
  1183 | D:2      | Your ally Jessica died
  1211 | D:2      | Killed Robin
  1245 | D:2      | XOM: divination: detect items
  1531 | D:2      | XOM: divination: detect items
  1746 | D:2      | Found an ancient bone altar of Kikubaaqudgha.
  1882 | D:2      | XOM: noise
  2089 | D:2      | XOM: harmless Chrm miscast
  2141 | D:3      | Noticed rjames93's ghost (average DrCj)
  2145 | D:3      | XOM: polymorph hobgoblin -> adder
  2147 | D:3      | XOM: swap monsters
  2160 | D:3      | Killed rjames93's ghost
  2160 | D:3      | Reached skill level 4 in Fighting
  2160 | D:3      | Gained mutation: You are immune to rotting. [demonic ancestry]
  2160 | D:3      | Reached XP level 5. HP: 20/42 MP: 5/5
  2171 | D:3      | XOM: divination: detect creatures
  2390 | D:3      | You fall through a shaft for 2 floors!
  2390 | D:5      | Entered Level 5 of the Dungeon
  2437 | D:4      | XOM: divination: detect items
  2452 | D:4      | Succumbed to an orc wizard's poison

Action                   |  1- 3 |  4- 6 || total
-------------------------+-------+-------++-------
Melee: Mace              |    91 |    96 ||   187
  Use: Potion            |       |     4 ||     4
 Stab: Confused          |       |     1 ||     1
       Paralysed         |       |     1 ||     1
  Eat: Meat ration       |     1 |       ||     1
